 Dungeon Crawl Stone Soup version 0.31-a0-507-gbafd7f5274 (webtiles) character file.

Game seed: 15359732276980715410

231 javelincjr the Digger (level 6, -4/44 HPs)
             Began as a Formicid Earth Elementalist on Aug 9, 2023.
             Was an Initiate of Sif Muna.
             Slain by an orc warrior
             ... wielding a +0 heavy mace
              (5 damage)
             ... in the Ecumenical Temple.
             The game lasted 00:16:22 (3583 turns).

javelincjr the Digger (Formicid Earth Elementalist) Turns: 3583, Time: 00:16:23

Health: -4/44      AC:  2    Str: 16    XL:     6   Next: 24%
Magic:  1/10       EV: 12    Int: 25    God:    Sif Muna [......]
Gold:   27         SH:  0    Dex: 14    Spells: 7/11 levels left

rFire   . . .        o - +1 dagger "Spiderbane" {protect, Fragile rElec Str+4 Int+2}
rCold   . . .        (no shield)
rNeg    . . .        a - +0 robe
rPois   .            (helmet unavailable)
rElec   +            (no cloak)
rCorr   .            (no gloves)
SInv    +            (no boots)
Will    .....        (no amulet)
Stlth   +++          i - +6 ring of intelligence
HPRegen 0.27/turn    (no ring)
MPRegen 0.12/turn

%: no passive effects
@: no status effects
A: permanent stasis, dig shafts and tunnels, antennae 3, four strong arms
a: Dig, Renounce Religion


You were in the Ecumenical Temple.
You worshipped Sif Muna.
Sif Muna was noncommittal.
You visited 2 branches of the dungeon, and saw 5 of its levels.

You collected 167 gold pieces.
You spent 140 gold pieces at shops.

Inventory:

Hand Weapons
 o - the +1 dagger "Spiderbane" (weapon) {protect, Fragile rElec Str+4 Int+2}
   (You bought it in a shop on level 3 of the Dungeon)

   Str+4:     It affects your strength (+4).
   Int+2:     It affects your intelligence (+2).
   rElec:     It insulates you from electricity.
   Fragile:   It will be destroyed if unequipped.
 p - a +2 vampiric hand axe
Armour
 a - a +0 robe (worn)
 r - a +0 ring mail of poison resistance
Jewellery
 i - a +6 ring of intelligence (left hand)
Wands
 t - a wand of mindburst (8)
Scrolls
 d - a scroll of summoning
 e - a scroll of brand weapon {unknown}
 f - a scroll of teleportation {unknown}
 h - a scroll of enchant armour {unknown}
 j - a scroll of silence {unknown}
 k - a scroll of revelation {unknown}
 l - a scroll of enchant weapon {unknown}
 m - a scroll of identify {unknown}
 n - a scroll of noise {unknown}
 q - a scroll of poison {unknown}
Potions
 g - a potion of haste
 s - a potion of degeneration {unknown}


   Skills:
 + Level 2.2 Fighting
 + Level 2.6 Dodging
 + Level 3.9 Stealth
 + Level 3.1 Spellcasting
 + Level 2.7 Transmutations
 + Level 4.5 Earth Magic


You had 7 spell levels left.
You knew the following spells:

 Your Spells              Type           Power      Damage    Failure   Level
a - Sandblast             Erth           52%        2d12      1%          1
b - Stone Arrow           Conj/Erth      30%        3d8       12%         3

Your spell library contained the following spells:

 Spells                   Type           Power      Damage    Failure   Level
 Passwall                 Tmut/Erth      18%        N/A       3%          2
 Sublimation of Blood     Necr           3%         N/A       16%         2
 Petrify                  Tmut/Erth      22%        N/A       22%         4
 Irradiate                Conj/Tmut      5%         3d13      85%         5


Dungeon Overview and Level Annotations

Branches:
Dungeon (4/15)             Temple (1/1) D:4

Altars:
Dithmenos
Elyvilon
Fedhas
Gozag
Hepliaklqana
Makhleb
Nemelex Xobeh
Okawaru
Qazlal
Sif Muna
Trog
Uskayaw
Yredelemnul
Zin
The Shining One

Shops:
D:2 :   D:3 *

Portals:
Abyss: D:3

Annotations:
D:3 2 transporters, avis's ghost, weakling FeSu


Innate Abilities, Weirdness & Mutations

You cannot be hasted, slowed, berserked, paralysed or teleported.
You can dig through walls and to a lower floor.
You have a pair of large antennae on your head. (SInv)
Your four strong arms can wield two-handed weapons with a shield.


Message History

Confirm with . or Enter, or press ? or * to list all spells.
Aiming: Stone Arrow (dangerous; 12% risk of failure)
Press: ? - help, Shift-Dir - straight line, f - orc warrior
Aim: an orc warrior, wielding a +0 heavy mace and wearing a +0 plate armour (68% to hit)
The stone arrow hits the orc warrior.
The orc warrior is moderately wounded.
The orc shouts!
The orc warrior hits you but does no damage.
The gnoll misses you. The gnoll hits you with a +0 whip!
The scorpion barely misses you.
The orc warrior hits you with a +0 heavy mace!!
Ouch! That really hurt!
* * * LOW HITPOINT WARNING * * *
You climb downwards.
Welcome back to the Ecumenical Temple!
There is a staircase back to the Dungeon here.
Casting: Stone Arrow (dangerous; 12% risk of failure)
Confirm with . or Enter, or press ? or * to list all spells.
Aiming: Stone Arrow (dangerous; 12% risk of failure)
Press: ? - help, Shift-Dir - straight line, f - orc warrior
Aim: an orc warrior, wielding a +0 heavy mace and wearing a +0 plate armour (moderately wounded, 68% to hit)
The stone arrow hits the orc warrior.
The orc warrior is moderately wounded.
The scorpion misses you. The gnoll misses you.
Casting: Stone Arrow (dangerous; 12% risk of failure)
Confirm with . or Enter, or press ? or * to list all spells.
Aiming: Stone Arrow (dangerous; 12% risk of failure)
Press: ? - help, Shift-Dir - straight line, f/p - orc warrior
Aim: an orc warrior, wielding a +0 heavy mace and wearing a +0 plate armour (moderately wounded, 68% to hit)
The stone arrow hits the orc warrior!
The orc warrior is severely wounded.
The scorpion stings you.
* * * LOW HITPOINT WARNING * * *
The orc warrior barely misses you. The gnoll hits you with a +0 whip.
* * * LOW HITPOINT WARNING * * *
It was a potion of haste.
Your stasis prevents you from being hasted.
The scorpion closely misses you. The gnoll hits you with a +0 whip.
* * * LOW HITPOINT WARNING * * *
The orc warrior hits you with a +0 heavy mace.
You die...

###.....###
##§§§§§§§§§##
####§§§§§§§~§§§###
#§§§§§§§#####§§§§##
#§§§§§§##_._##§§§§#
#§§§§§##.....##§§§.
#######⌠.....⌠##§§.
#⌠.s.⌠.........##§.
#)@.)....._...._#§.
#)go.⌠.........##§.
#######⌠.....⌠##§§.
#§§§§§##.....##§§§.
#§§§§§§##_._##§§§§#
#§§§§§§§#####§§§.##
####§§§§§§~§§§§###
##§§§§§§§§§##
###§§§§§###


You could see an orc warrior, a scorpion and a gnoll.

Vanquished Creatures
  2 orc priests (D:3)
  4 adders
  5 gnolls
  2 worms
  9 orcs (D:3)
  4 endoplasms
  2 giant cockroaches
  14 goblins
  5 hobgoblins
  2 jackals (D:2)
  6 kobolds
  A quokka (D:1)
  2 ball pythons (D:1)
  6 bats
  A frilled lizard (D:2)
  6 rats
71 creatures vanquished.

Notes
Turn   | Place    | Note
-------+----------+-------------------------------------------
     0 | D:1      | javelincjr the Formicid Earth Elementalist began the quest
                  | for the Orb.
     0 | D:1      | Reached XP level 1. HP: 13/13 MP: 3/3
   159 | D:1      | Reached XP level 2. HP: 15/19 MP: 3/5
  1071 | D:2      | Reached XP level 3. HP: 16/24 MP: 0/6
  1127 | D:2      | Found a bloodstained altar of Trog.
  1299 | D:2      | Found a faded altar of an unknown god.
  1464 | D:2      | Reached skill level 4 in Earth Magic
  1473 | D:2      | Reached skill level 1 in Fighting
  1473 | D:2      | Reached XP level 4. HP: 21/32 MP: 0/7
  1735 | D:2      | Found Selooj's Book Shoppe.
  2406 | D:3      | Found a stormy altar of Qazlal.
  2413 | D:3      | Found a glowing silver altar of Zin.
  2423 | D:3      | Found a blossoming altar of Fedhas.
  2423 | D:3      | Found a sparkling altar of Nemelex Xobeh.
  2423 | D:3      | Found a burning altar of Makhleb.
  2426 | D:3      | Found a hide-covered altar of Uskayaw.
  2427 | D:3      | Found an iron altar of Okawaru.
  2686 | D:3      | Reached XP level 5. HP: 37/37 MP: 7/9
  2730 | D:3      | Found Ymeat's Assorted Antiques.
  2739 | D:3      | Bought a faintly glowing dagger for 140 gold pieces
  2739 | D:3      | Identified the +1 dagger "Spiderbane" {protect, Fragile
                  | rElec Str+4 Int+2} (You bought it in a shop on level 3 of
                  | the Dungeon)
  2832 | D:3      | Noticed a small abomination
  2835 | D:3      | Found a transporter.
  2836 | D:3      | Noticed a small abomination
  2839 | D:3      | Found a transporter.
  2840 | D:3      | Found a one-way gate to the infinite horrors of the Abyss.
  2841 | D:3      | Noticed avis's ghost (weakling FeSu)
  2863 | D:3      | Noticed a small abomination
  3309 | D:3      | Found a glowing golden altar of the Shining One.
  3349 | D:3      | Reached XP level 6. HP: 40/44 MP: 5/10
  3354 | D:3      | Learned a level 3 spell: Stone Arrow
  3502 | D:4      | Found a staircase to the Ecumenical Temple.
  3507 | D:4      | Noticed an orc warrior
  3512 | Temple   | Entered the Ecumenical Temple
  3528 | Temple   | Became a worshipper of Sif Muna the Loreminder
  3583 | Temple   | HP: 1/44 [gnoll/+0 whip (6)]
  3583 | Temple   | Slain by an orc warrior

Illustrated notes

Levels and vault maps discovered:
D:1:      dpeg_arrival_central, layout_basic, minivault_4
D:2:      layout_basic, shapermc_ecumenical_altar_mp_vishouse, basic_altar,
          serial_shops, nicolae_book_shop_shelving, grunt_decor_fettered,
          kennysheep_cross_bottleneck, chequers_serial_rivers_large_b
D:3:      cheibrodos_pilgrimage, layout_basic, nicolae_overflow_hidden_temple,
          mainiacjoe_overflow_cross_hatched, minitemple, serial_shops,
          nicolae_shop_tiny_glass, gammafunk_ghost_abyssal_escape,
          chequers_serial_rivers_micro_c
D:4:      layout_loops_ring, minmay_temple_entry_stoned_glass
Temple:   hellmonk_temple_rainy

Skill      XL: |  1  2  3  4  5 |
---------------+----------------+-----
Dodging        | 2 |  2.6
Earth Magic    | 4 |  4.5
Stealth        | 3 |  3.9
Fighting       | 1 2 |  2.2
Transmutations | 2 |  2.7
Spellcasting   | 3 |  3.1

Action                     |  1- 3 |  4- 6 || total
---------------------------+-------+-------++-------
  Melee: Dagger            |     8 |    21 ||    29
         Short sword       |       |     2 ||     2
   Cast: Sandblast         |    39 |    52 ||    91
         Stone Arrow       |       |     3 ||     3
Ability: Dig               |       |     1 ||     1
    Use: Potion            |       |     2 ||     2
         Scroll            |       |     1 ||     1
   Stab: Sleeping          |       |     1 ||     1
 Armour: Robe              |     2 |    15 ||    17
  Dodge: Dodged            |    15 |    24 ||    39

Table legend: (Time is in decaauts)
 A = Elapsed time spent in this place.
 B = Non-inter-level travel time spent in this place.
 C = Inter-level travel time spent in this place.
 D = Time resting spent in this place.
 E = Time spent auto-exploring this place.
 F = Levels seen in this place.
 G = Mean time per level.
                   A        B        C        D        E       F      G
               +--------+--------+--------+--------+--------+-----+--------+
         Total |   3657 |   3616 |     41 |    165 |   2773 |   5 |  731.4 |
       Dungeon |   3587 |   3546 |     41 |    131 |   2773 |   4 |  896.8 |
        Temple |     69 |     69 |      0 |     34 |      0 |   1 |   69.0 |
               +--------+--------+--------+--------+--------+-----+--------+

Top non-repeatable levels by time:
     D:2: 1375 daAuts
     D:3: 1087 daAuts
     D:1: 1075 daAuts
  Temple: 69 daAuts
     D:4: 50 daAuts
